 Dungeon Crawl Stone Soup version 0.30.0-5-g1a98f26d00 (webtiles) character file.

Game seed: 5603345314205183207

397 retardedninja the Firebug (level 6, -10/44 HPs)
             Began as a Gnoll Fire Elementalist on May 8, 2023.
             Was a Follower of Trog.
             Mangled by a troll (16 damage)
             ... on level 6 of the Dungeon.
             The game lasted 00:03:46 (3876 turns).

retardedninja the Firebug (Gnoll Fire Elementalist) Turns: 3876, Time: 00:03:47

Health: -10/44     AC:  3    Str:  7    XL:     6   Next: 83%
Magic:  14/14      EV: 13    Int: 17    God:    Trog [*.....]
Gold:   159        SH:  0    Dex: 12    Spells: 6/16 levels left

rFire   + . .        e - +4 spear
rCold   x . .        (no shield)
rNeg    . . .        a - +0 robe
rPois   .            (no helmet)
rElec   .            (no cloak)
rCorr   .            p - +0 pair of gloves
SInv    .            (no boots)
Will    .....        (no amulet)
Stlth   +++          o - ring of fire
HPRegen 0.27/turn    (no ring)
MPRegen 0.14/turn

%: no passive effects
@: hasted, very quick
A: fangs 1, strong nose, distributed training
a: Renounce Religion, Berserk


You were on level 6 of the Dungeon.
You worshipped Trog.
Trog was aware of your devotion.
You visited 1 branch of the dungeon, and saw 6 of its levels.

You collected 159 gold pieces.

Inventory:

Hand Weapons
 e - a +4 spear (weapon)
Armour
 a - a +0 robe (worn)
 p - a +0 pair of gloves (worn)
 q - a +0 helmet
Jewellery
 o - a ring of fire (left hand)
 r - a ring of fire
 t - an amulet of magic regeneration
Scrolls
 f - 2 scrolls of magic mapping {unknown}
 g - 2 scrolls of blinking {unknown}
 h - 3 scrolls of identify {unknown}
 j - a scroll of acquirement {unknown}
 m - a scroll of vulnerability {unknown}
 s - a scroll of immolation {unknown}
Potions
 b - a potion of magic
 c - a potion of heal wounds {unknown}
 d - a potion of haste
 i - a potion of lignification {unknown}
 k - a potion of brilliance {unknown}
 l - a potion of curing {unknown}


   Skills:
 + Level 2.2 Fighting
 + Level 2.2 Short Blades
 + Level 2.2 Long Blades
 + Level 2.2 Axes
 + Level 2.2 Maces & Flails
 + Level 2.2 Polearms
 + Level 2.2 Staves
 + Level 2.2 Ranged Weapons
 + Level 2.2 Throwing
 + Level 2.2 Armour
 + Level 5.1 Dodging
 + Level 4.7 Stealth
 + Level 2.2 Shields
 + Level 2.2 Unarmed Combat
 + Level 5.5 Spellcasting
 + Level 2.8 Conjurations
 + Level 1.8 Hexes
 + Level 1.8 Summonings
 + Level 1.8 Necromancy
 + Level 1.8 Translocations
 + Level 1.8 Transmutations
 + Level 5.7 Fire Magic
 + Level 1.8 Ice Magic
 + Level 1.8 Air Magic
 + Level 1.8 Earth Magic
 + Level 1.8 Poison Magic
 + Level 2.4 Invocations
 + Level 2.2 Evocations


You had 6 spell levels left.
You knew the following spells:

 Your Spells              Type           Power      Damage    Failure   Level
a - Foxfire               Conj/Fire      100%       2x1d9     2%          1
b - Scorch                Fire           72%        2d8       1%          2
c - Flame Wave            Conj/Fire      28%        2d9       22%         4
d - Inner Flame           Hex/Fire       26%        N/A       9%          3

Your spell library contained the following spells:

 Spells                   Type           Power      Damage    Failure   Level
 Necrotise                Necr           40%        1d6       6%          1
 Volatile Blastmotes      Fire/Tloc      52%        2d14      9%          3
 Vampiric Draining        Necr           10%        2d6       19%         3
 Agony                    Necr           10%        N/A       87%         5


Dungeon Overview and Level Annotations

Branches:
Dungeon (6/15)
 Temple: D:4-7

Altars:
Dithmenos
Trog
Zin

Annotations:
D:2 1 runed translucent door, Crazy Yiuf


Innate Abilities, Weirdness & Mutations

You have very sharp teeth.
Your uncanny sense of smell can sniff out nearby items.
Your experience applies equally to all skills.


Message History

Press: ? - help, Q - select action Shift-Dir - straight line, f - phantom
Aim: a phantom (almost destroyed, 60% to hit)
The bolt of dispelling energy hits the phantom!
You destroy the phantom!
Trog accepts your kill.
You feel sick.
A bullfrog comes into view.
Aiming: Quicksilver Bolt
Press: ? - help, Q - select action Shift-Dir - straight line, f - troll
Aim: a troll (71% to hit)
The bolt of dispelling energy misses the howler monkey.
The bolt of dispelling energy hits the troll!
The troll is moderately wounded.
The bullfrog gives a loud, deep croak!
You feel sick.
Aiming: Quicksilver Bolt
Press: ? - help, Q - select action Shift-Dir - straight line, f/p - troll
Aim: a troll (moderately wounded, 71% to hit)
The bolt of dispelling energy hits the howler monkey!!
You kill the howler monkey!
Trog accepts your kill.
The bolt of dispelling energy hits the troll!!
The troll is almost dead.
You feel sick. The adder bites you but does no damage.
Aiming: Quicksilver Bolt
Press: ? - help, Q - select action Shift-Dir - straight line, f/p - troll
Aim: a troll (almost dead, 71% to hit)
The bolt of dispelling energy misses the troll.
The now-empty wand crumbles to dust.
You feel sick.
You are no longer poisoned.
The adder bites you. The bullfrog closely misses you.
The adder barely misses you. The troll bites you.
* * * LOW HITPOINT WARNING * * *
The troll claws you but does no damage. The troll claws you.
* * * LOW HITPOINT WARNING * * *
It was a potion of haste.
You feel yourself speed up. The bullfrog completely misses you.
The adder closely misses you. The bullfrog closely misses you.
The troll bites you!
You die...

._.♣♣.#
.......
....... .....
.... #..
#####.F######
.......@S≈≈~#
....~~~≈T≈..#
##~~≈~..~...#
#~~≈........#
##~.....>...#
#.)...<....#
############


You could see a troll, a bullfrog and an adder.

Vanquished Creatures
  A water moccasin (D:3)
  A phantom (D:6)
  A scorpion (D:3)
  A howler monkey (D:6)
  Robin (D:3)
  4 adders
  4 dart slugs
  2 orcs (D:3)
  6 ball pythons (D:1)
  11 endoplasms
  2 giant cockroaches (D:1)
  10 goblins
  6 hobgoblins
  2 jackals (D:3)
  3 bats
  4 frilled lizards
  4 kobolds
  5 rats
68 creatures vanquished.

Vanquished Creatures (collateral kills)
  6 foxfires (D:1)
6 creatures vanquished.

Vanquished Creatures (others)
  231 foxfires
231 creatures vanquished.

Grand Total: 305 creatures vanquished

Notes
Turn   | Place    | Note
-------+----------+-------------------------------------------
     0 | D:1      | retardedninja the Gnoll Fire Elementalist began the quest
                  | for the Orb.
     0 | D:1      | Reached XP level 1. HP: 13/13 MP: 6/6
   179 | D:1      | Reached XP level 2. HP: 19/19 MP: 3/7
   800 | D:1      | Reached skill level 5 in Spellcasting
   800 | D:1      | Reached XP level 3. HP: 25/25 MP: 5/9
  1439 | D:2      | Reached skill level 1 in Invocations
  1629 | D:2      | Learned a level 2 spell: Scorch
  1718 | D:2      | Reached skill level 1 in Fighting
  1718 | D:2      | Reached skill level 1 in Short Blades
  1718 | D:2      | Reached skill level 1 in Long Blades
  1718 | D:2      | Reached skill level 1 in Axes
  1718 | D:2      | Reached skill level 1 in Maces & Flails
  1718 | D:2      | Reached skill level 1 in Polearms
  1718 | D:2      | Reached skill level 1 in Staves
  1718 | D:2      | Reached skill level 1 in Ranged Weapons
  1718 | D:2      | Reached skill level 1 in Throwing
  1718 | D:2      | Reached skill level 1 in Armour
  1718 | D:2      | Reached skill level 1 in Shields
  1718 | D:2      | Reached skill level 1 in Unarmed Combat
  1718 | D:2      | Reached skill level 1 in Evocations
  1969 | D:2      | Reached XP level 4. HP: 32/32 MP: 7/11
  2331 | D:2      | Found a runed translucent door.
  2332 | D:2      | Noticed Crazy Yiuf
  2536 | D:3      | Noticed a scorpion
  2541 | D:3      | Noticed Robin
  2549 | D:3      | Killed Robin
  2550 | D:3      | Reached skill level 1 in Hexes
  2550 | D:3      | Reached skill level 1 in Summonings
  2550 | D:3      | Reached skill level 1 in Necromancy
  2550 | D:3      | Reached skill level 1 in Translocations
  2550 | D:3      | Reached skill level 1 in Transmutations
  2550 | D:3      | Reached skill level 1 in Ice Magic
  2550 | D:3      | Reached skill level 1 in Air Magic
  2550 | D:3      | Reached skill level 1 in Earth Magic
  2550 | D:3      | Reached skill level 1 in Poison Magic
  2551 | D:3      | Killed a scorpion
  2552 | D:3      | Reached XP level 5. HP: 28/37 MP: 3/12
  2785 | D:3      | Learned a level 4 spell: Flame Wave
  2789 | D:3      | Learned a level 3 spell: Inner Flame
  2875 | D:3      | Noticed a water moccasin
  2881 | D:3      | Killed a water moccasin
  2882 | D:3      | Reached skill level 5 in Dodging
  2882 | D:3      | Reached XP level 6. HP: 25/44 MP: 9/14
  3201 | D:3      | Found a shadowy altar of Dithmenos.
  3517 | D:3      | Found a faded altar of an unknown god.
  3623 | D:3      | Prayed at the altar of an unknown god.
  3623 | D:3      | Became a worshipper of Trog the Wrathful
  3623 | D:3      | Reached * piety under Trog
  3818 | D:5      | Entered Level 5 of the Dungeon
  3861 | D:6      | Noticed a troll
  3871 | D:6      | Found a glowing silver altar of Zin.
  3876 | D:6      | Mangled by a troll

Illustrated notes

Levels and vault maps discovered:
D:1:      heliophobic_arrival_dark_side_of_the_moon, layout_loops_ring,
          chequers_serial_rivers_small_a, chequers_arboretum,
          serial_bayou_ford_a, minmay_circled_x
D:2:      layout_loops_corners, uniq_crazy_yiuf_cottage
D:3:      layout_loops_cross, nicolae_dithmenos_through_a_glass_darkly,
          shapermc_ecumenical_altar_mp_vishouse, uniq_robin
D:4:      nicolae_cairo_tiling_very_big, layout_basic,
          nicolae_qazlal_style_of_elements, minmay_temple_entry_enclosed_plants,
          enter_ossuary_4, uniq_grinder
D:5:      layout_basic, kiku_gazebo_pond_becter, serial_glass, glass_columns_b,
          glass_columns_a, goddamned_bats
D:6:      layout_rooms, zin_academy, serial_shops,
          nicolae_shop_temple_entry_statues_fountains, serial_rivers,
          chequers_serial_rivers_micro_c, chequers_serial_rivers_micro_c,
          chequers_serial_rivers_small_a, chequers_serial_rivers_small_b,
          chequers_serial_rivers_large_b, chequers_serial_rivers_room_a,
          chequers_garden

Skill      XL: |  1  2  3  4  5  6 |
---------------+-------------------+-----
Conjurations   | 2 |  2.8
Spellcasting   | 5 |  5.5
Invocations    | 1 2 |  2.4
Fighting       | 1 2 |  2.2
Short Blades   | 1 2 |  2.2
Long Blades    | 1 2 |  2.2
Axes           | 1 2 |  2.2
Maces & Flails | 1 2 |  2.2
Polearms       | 1 2 |  2.2
Staves         | 1 2 |  2.2
Ranged Weapons | 1 2 |  2.2
Throwing       | 1 2 |  2.2
Armour         | 1 2 |  2.2
Shields        | 1 2 |  2.2
Unarmed Combat | 1 2 |  2.2
Evocations     | 1 2 |  2.2
Hexes          | 1 |  1.8
Summonings     | 1 |  1.8
Necromancy     | 1 |  1.8
Translocations | 1 |  1.8
Transmutations | 1 |  1.8
Ice Magic      | 1 |  1.8
Air Magic      | 1 |  1.8
Earth Magic    | 1 |  1.8
Poison Magic   | 1 |  1.8
Dodging        | 5 |  5.1
Stealth        | |  4.7
Fire Magic     | |  5.7

Action                     |  1- 3 |  4- 6 || total
---------------------------+-------+-------++-------
  Melee: Spear             |     4 |    13 ||    17
         Bite              |       |     1 ||     1
   Cast: Foxfire           |    88 |    64 ||   152
         Scorch            |       |     4 ||     4
  Evoke: Wand              |       |     6 ||     6
    Use: Potion            |       |     1 ||     1
 Armour: Robe              |       |    11 ||    11
  Dodge: Dodged            |    11 |    38 ||    49
